 Dungeon Crawl Stone Soup version 0.14-a0-3315-g09e681a (webtiles) character file.

203 Kae the Chopper (level 4, -14/39 HPs)
             Began as a Hill Orc Fighter on Mar 15, 2014.
             Killed from afar by Ijyb (16 damage)
             ... with a wand of flame
             ... on Level 2 of the Dungeon.
             The game lasted 00:02:03 (1933 turns).

Kae the Chopper (Hill Orc Fighter)                  Turns: 1933, Time: 00:02:03

HP -14/39        AC  8     Str 19      XL: 4   Next: 83%
MP   4/4         EV  6     Int  8      God:
Gold 98          SH 18     Dex 10      Spells:  0 memorised,  3 levels left

rFire  x . .     SeeInvis .     a - +0 war axe
rCold  + . .     Clarity  .     b - +0 scale mail
rNeg   . . .     Conserve .     c - +0 shield
rPois  .         rCorr    .     (no helmet)
rElec  .         rRot     .     (no cloak)
SustAb . .       Spirit   .     j - +0 pair of gloves
rMut   +         Warding  .     (no boots)
Saprov + . .     Stasis   .     l - amulet of resist mutation
MR     .....                    (no ring)
                                i - ring of ice

@: not resistant to hostile enchantments, extremely unstealthy
A: saprovore 1
a: no special abilities


You were on level 2 of the Dungeon.
You were hungry.

You visited 1 branch of the dungeon, and saw 2 of its levels.

You collected 98 gold pieces.

Inventory:

Hand weapons
 a - a +0,+0 war axe (weapon)
Armour
 b - a +0 scale mail (worn)
 c - a +0 shield (worn)
 j - a +0 pair of gloves (worn)
Comestibles
 d - 3 meat rations
Scrolls
 f - 2 scrolls of identify
 k - a scroll of remove curse {unknown}
 o - a scroll of teleportation {unknown}
Jewellery
 i - a ring of ice (left hand)
 l - an amulet of resist mutation (around neck)
Potions
 e - a potion of might
 g - 2 potions of agility
 h - a potion of restore abilities {unknown}
 m - a potion of brilliance {unknown}
 n - a potion of curing {unknown}


   Skills:
 - Level 3.6 Fighting
 + Level 6.4 Axes
 - Level 3.2 Armour
 - Level 3.2 Shields


You had 3 spell levels left.
You didn't know any spells.

Dungeon Overview and Level Annotations

Branches:
Dungeon (2/15)

Altars:
Fedhas
Trog

Annotations:
D:2 Ijyb


Innate Abilities, Weirdness & Mutations

You can tolerate rotten meat.


Message History

You slash Ijyb!
Ijyb is moderately wounded.
Ijyb hits you but does no damage. You block Ijyb's attack.
Your shield and scale mail prevent you from hitting Ijyb.
Ijyb is moderately wounded.
Ijyb hits you but does no damage.
You miss Ijyb.
Ijyb is moderately wounded.
Ijyb zaps a wand.
The puff of flame hits you! The fire burns you terribly!
* * * LOW HITPOINT WARNING * * *
You hit Ijyb.
Ijyb is heavily wounded.
Ijyb zaps a wand.
The puff of flame hits you! The fire burns you terribly!
* * * LOW HITPOINT WARNING * * *
You slash Ijyb!
Ijyb is almost dead.
Ijyb zaps a wand.
The puff of flame hits you! The fire burns you terribly!
* * * LOW HITPOINT WARNING * * *
Ijyb zaps a wand.
The puff of flame hits you! The fire burns you terribly!
You die...

# ############ ##≈≈
#...#......# #≈≈≈
.'...'......# ##≈≈
#......#
#≈≈#########..##@'#
#≈≈#..........#%g)#
...'......)...#...#
...'....((%...#...#
...'...(..)(..#...#
.≈≈#(.........#...#
.≈≈#########).#...#
..≈≈≈..#...#..#...#
..≈≈≈..'...'..##+#


You could see Ijyb.

Vanquished Creatures
  3 gnolls (D:2)
  3 adders (D:2)
  2 giant geckos
  2 oozes (D:1)
  2 giant cockroaches (D:2)
  11 goblins
  2 hobgoblins (D:1)
  6 jackals (D:2)
  A ball python (D:2)
  5 bats
  3 giant newts
  3 kobolds
  8 rats
51 creatures vanquished.

Vanquished Creatures (others)
  A jackal (D:2)
1 creature vanquished.

Grand Total: 52 creatures vanquished

Notes
Turn   | Place    | Note
--------------------------------------------------------------
     0 | D:1      | Kae, the Hill Orc Fighter, began the quest for the Orb.
     0 | D:1      | Reached XP level 1. HP: 19/19 MP: 1/1
   157 | D:1      | Reached XP level 2. HP: 20/26 MP: 2/2
   230 | D:1      | Reached skill level 4 in Axes
   541 | D:2      | Found a blossoming altar of Fedhas.
   546 | D:2      | Found a bloodstained altar of Trog.
   551 | D:2      | Reached XP level 3. HP: 31/31 MP: 3/3
   579 | D:2      | Reached skill level 5 in Axes
   820 | D:2      | Reached XP level 4. HP: 25/39 MP: 4/4
  1111 | D:2      | Reached skill level 6 in Axes
  1920 | D:2      | Noticed Ijyb
  1933 | D:2      | Killed from afar by Ijyb

Action                   |  1- 3 |  4- 6 || total
-------------------------+-------+-------++-------
Melee: War axe           |    98 |    63 ||   161
  Use: Potion            |     1 |       ||     1
       Scroll            |       |     2 ||     2
